[ AOE2 MATCH · #513770729 ]
UnrankedMagyars vs Aztecs
Player's team · LOSS
Rival team · WIN
[ REPLAY ANALYSIS · EXTRACTED FROM THE RECORDED GAME ]
Feudal
11:07
Castle
16:18
Imperial
47:52
| APM avg | 45.5 |
| APM peak | 91 |
| eAPM avg | 15.6 |
| Villagers / military | 103 / 60 |
Focus
⚔️ 30.4% · 🌾 69.6%
Magyar Huszar ×59 · Fishing Ship ×4 · Demolition Raft ×1
Feudal
10:39
Castle
24:37
Imperial
46:46
| APM avg | 31.0 |
| APM peak | 57 |
| eAPM avg | 17.1 |
| Villagers / military | 134 / 208 |
Focus
⚔️ 42.5% · 🌾 57.5%
Militia ×184 · Spearman ×15 · Battering Ram ×4 · Skirmisher ×3 · Monk ×2
Match map
Initial resources + every placement click. Lines = walls · curves = elevation contours. ◆ gold · ⬟ stone · ● berries · ✦ relic · ◌ wall gap
Your base· Open — 4t gap
Juan Deagle's base· Open — unwalled flank
Smoothed initial terrain · ◌ = detected wall gap · hover for details
Inputs per minute
— ChoRi-Wolo.gg - - Juan Deagle
Build order — ChoRi-Wolo.gg
First 150 of 258 actions detected
| 0:01 | Queue | Villager (Male) |
| 0:01 | Queue | Villager (Male) |
| 0:01 | Queue | Villager (Male) |
| 0:01 | Queue | Villager (Male) |
| 0:06 | Build | House |
| 0:08 | Build | House |
| 1:33 | Queue | Villager (Male) |
| 1:33 | Queue | Villager (Male) |
| 2:09 | Research | Loom |
| 2:32 | Queue | Villager (Male) |
| 2:32 | Queue | Villager (Male) |
| 2:36 | Queue | Villager (Male) |
| 2:37 | Queue | Villager (Male) |
| 2:41 | Build | Lumber Camp |
| 3:32 | Queue | Villager (Male) |
| 3:32 | Queue | Villager (Male) |
| 4:00 | Queue | Villager (Male) |
| 4:00 | Queue | Villager (Male) |
| 4:02 | Queue | Villager (Male) |
| 4:02 | Queue | Villager (Male) |
| 4:02 | Queue | Villager (Male) |
| 4:10 | Build | House |
| 5:06 | Queue | Villager (Male) |
| 5:06 | Queue | Villager (Male) |
| 5:08 | Build | Mill |
| 5:16 | Build | House |
| 5:49 | Queue | Villager (Male) |
| 5:50 | Queue | Villager (Male) |
| 5:50 | Queue | Villager (Male) |
| 6:41 | Queue | Villager (Male) |
| 6:41 | Queue | Villager (Male) |
| 7:16 | Queue | Villager (Male) |
| 8:07 | Queue | Villager (Male) |
| 8:11 | Queue | Villager (Male) |
| 8:35 | Research | Feudal Age |
| 9:14 | Build | House |
| 9:21 | Queue | Villager (Male) |
| 10:00 | Build | House |
| 10:11 | Build | Palisade Wall |
| 10:59 | Build | House |
| 11:07 | Age | Feudal Age |
| 11:54 | Build | Market |
| 12:22 | Build | Blacksmith |
| 12:25 | Queue | Villager (Male) |
| 12:25 | Queue | Villager (Male) |
| 13:38 | Research | Castle Age |
| 13:42 | Build | Mining Camp |
| 14:30 | Build | Farm |
| 15:25 | Build | Mining Camp |
| 15:44 | Build | House |
| 15:49 | Build | House |
| 16:09 | Queue | Villager (Male) |
| 16:18 | Age | Castle Age |
| 16:50 | Build | House |
| 16:53 | Build | House |
| 17:49 | Build | Castle |
| 17:56 | Queue | Villager (Male) |
| 17:57 | Queue | Villager (Male) |
| 18:16 | Build | Farm |
| 19:35 | Queue | Villager (Male) |
| 19:35 | Queue | Villager (Male) |
| 19:43 | Build | Lumber Camp |
| 19:51 | Build | Farm |
| 20:15 | Queue | Magyar Huszar |
| 20:16 | Queue | Magyar Huszar |
| 21:06 | Build | Farm |
| 21:32 | Queue | Magyar Huszar |
| 21:32 | Queue | Magyar Huszar |
| 22:07 | Queue | Magyar Huszar |
| 22:08 | Queue | Magyar Huszar |
| 22:12 | Build | Farm |
| 22:54 | Build | Town Center |
| 22:57 | Queue | Villager (Male) |
| 22:58 | Queue | Villager (Male) |
| 23:12 | Queue | Villager (Male) |
| 24:03 | Queue | Magyar Huszar |
| 24:04 | Queue | Magyar Huszar |
| 24:21 | Queue | Magyar Huszar |
| 24:27 | Build | Farm |
| 24:27 | Build | Farm |
| 25:07 | Queue | Magyar Huszar |
| 25:07 | Queue | Magyar Huszar |
| 25:08 | Queue | Magyar Huszar |
| 25:48 | Queue | Magyar Huszar |
| 25:49 | Queue | Magyar Huszar |
| 25:49 | Queue | Magyar Huszar |
| 26:04 | Build | Town Center |
| 26:14 | Queue | Villager (Male) |
| 26:57 | Queue | Villager (Male) |
| 26:57 | Queue | Villager (Male) |
| 27:15 | Queue | Villager (Male) |
| 27:27 | Queue | Villager (Male) |
| 28:03 | Queue | Villager (Male) |
| 28:03 | Queue | Villager (Male) |
| 28:04 | Queue | Villager (Male) |
| 28:20 | Build | Farm |
| 28:25 | Build | Farm |
| 28:32 | Build | Farm |
| 28:34 | Queue | Villager (Male) |
| 29:01 | Queue | Villager (Male) |
| 29:01 | Queue | Villager (Male) |
| 29:06 | Build | Farm |
| 29:13 | Build | Farm |
| 29:16 | Queue | Villager (Male) |
| 29:16 | Queue | Villager (Male) |
| 30:45 | Queue | Villager (Male) |
| 30:46 | Queue | Villager (Male) |
| 30:46 | Queue | Villager (Male) |
| 30:46 | Queue | Villager (Male) |
| 30:46 | Queue | Villager (Male) |
| 30:48 | Queue | Magyar Huszar |
| 30:48 | Queue | Magyar Huszar |
| 30:48 | Queue | Magyar Huszar |
| 31:01 | Queue | Villager (Male) |
| 31:07 | Queue | Villager (Male) |
| 31:07 | Queue | Villager (Male) |
| 31:07 | Queue | Villager (Male) |
| 31:08 | Queue | Villager (Male) |
| 31:08 | Queue | Villager (Male) |
| 31:47 | Queue | Villager (Male) |
| 31:47 | Queue | Villager (Male) |
| 31:48 | Queue | Villager (Male) |
| 32:01 | Queue | Magyar Huszar |
| 32:02 | Queue | Magyar Huszar |
| 32:02 | Queue | Magyar Huszar |
| 32:12 | Queue | Villager (Male) |
| 32:12 | Queue | Villager (Male) |
| 32:43 | Queue | Villager (Male) |
| 32:46 | Queue | Villager (Male) |
| 32:46 | Queue | Villager (Male) |
| 34:19 | Queue | Villager (Male) |
| 34:19 | Queue | Villager (Male) |
| 34:19 | Queue | Villager (Male) |
| 34:20 | Queue | Villager (Male) |
| 34:22 | Research | Double-Bit Axe |
| 34:22 | Research | Double-Bit Axe |
| 34:33 | Build | Mill |
| 34:36 | Build | Farm |
| 34:36 | Build | Farm |
| 34:36 | Build | Farm |
| 34:37 | Build | Farm |
| 34:37 | Build | Farm |
| 34:37 | Build | Farm |
| 34:37 | Build | Farm |
| 34:37 | Build | Farm |
| 34:38 | Build | Farm |
| 34:38 | Build | Farm |
| 34:42 | Queue | Villager (Male) |
| 34:42 | Queue | Villager (Male) |
| 34:43 | Queue | Villager (Male) |
Build order — Juan Deagle
First 150 of 313 actions detected
| 0:01 | Queue | Villager (Male) ×4 |
| 0:01 | Queue | Villager (Male) ×4 |
| 0:02 | Build | House |
| 0:04 | Build | House |
| 1:18 | Queue | Villager (Male) |
| 1:19 | Queue | Villager (Male) |
| 2:01 | Build | Lumber Camp |
| 2:05 | Queue | Villager (Male) |
| 2:05 | Queue | Villager (Male) |
| 2:05 | Queue | Villager (Male) |
| 2:53 | Queue | Villager (Male) |
| 2:58 | Queue | Villager (Male) |
| 2:58 | Queue | Villager (Male) |
| 3:44 | Queue | Villager (Male) |
| 3:44 | Queue | Villager (Male) |
| 4:03 | Queue | Villager (Male) |
| 4:04 | Queue | Villager (Male) |
| 4:09 | Build | House |
| 4:40 | Queue | Villager (Male) |
| 4:40 | Queue | Villager (Male) |
| 4:46 | Build | Mill |
| 5:03 | Queue | Villager (Male) |
| 5:03 | Queue | Villager (Male) |
| 5:17 | Build | House |
| 5:31 | Queue | Villager (Male) |
| 5:31 | Queue | Villager (Male) |
| 5:31 | Queue | Villager (Male) |
| 5:38 | Queue | Villager (Male) |
| 6:09 | Build | Farm |
| 6:11 | Queue | Villager (Male) |
| 6:39 | Queue | Villager (Male) |
| 7:01 | Build | Barracks |
| 7:13 | Queue | Villager (Male) |
| 7:37 | Queue | Villager (Male) |
| 8:16 | Build | Farm |
| 8:21 | Build | Farm |
| 8:29 | Research | Feudal Age |
| 8:32 | Queue | Militia |
| 8:53 | Build | Mining Camp |
| 8:57 | Build | House |
| 9:00 | Queue | Militia |
| 9:02 | Queue | Militia |
| 9:26 | Build | Mining Camp |
| 9:37 | Build | House |
| 9:44 | Queue | Militia |
| 10:09 | Build | Lumber Camp |
| 10:15 | Queue | Militia |
| 10:20 | Build | Farm |
| 10:39 | Age | Feudal Age |
| 10:41 | Research | Man-at-Arms (upgrade) |
| 10:51 | Queue | Villager (Male) |
| 11:05 | Build | Blacksmith |
| 11:17 | Research | Arson |
| 11:35 | Queue | Villager (Male) |
| 11:59 | Queue | Villager (Male) |
| 12:22 | Research | Forging |
| 13:07 | Research | Horse Collar |
| 13:10 | Research | Loom |
| 13:41 | Queue | Militia |
| 13:43 | Queue | Militia |
| 13:48 | Build | Archery Range |
| 14:03 | Queue | Militia |
| 14:15 | Queue | Villager (Male) |
| 14:19 | Build | House |
| 14:59 | Queue | Skirmisher |
| 15:00 | Queue | Skirmisher |
| 15:01 | Queue | Skirmisher |
| 15:09 | Queue | Villager (Male) |
| 15:16 | Build | House |
| 15:40 | Queue | Militia |
| 15:52 | Queue | Villager (Male) |
| 15:53 | Queue | Villager (Male) |
| 16:21 | Queue | Militia |
| 17:06 | Queue | Villager (Male) |
| 17:08 | Queue | Villager (Male) |
| 17:13 | Build | Farm |
| 17:14 | Build | Farm |
| 17:15 | Build | Farm |
| 17:17 | Build | Farm |
| 17:21 | Build | Farm |
| 17:25 | Queue | Militia |
| 18:03 | Build | Farm |
| 18:05 | Build | Farm |
| 18:08 | Build | Farm |
| 18:09 | Build | Farm |
| 18:10 | Build | Farm |
| 18:12 | Queue | Villager (Male) |
| 18:16 | Build | House |
| 18:42 | Build | House |
| 18:43 | Build | House |
| 19:01 | Queue | Villager (Male) |
| 19:11 | Build | Farm |
| 19:11 | Build | Farm |
| 19:55 | Build | Farm |
| 20:00 | Build | Farm |
| 20:01 | Build | Farm |
| 20:05 | Build | Farm |
| 20:22 | Queue | Militia ×5 |
| 20:43 | Queue | Spearman ×5 |
| 21:14 | Build | Market |
| 21:42 | Build | Palisade Wall |
| 21:57 | Research | Castle Age |
| 22:59 | Research | Double-Bit Axe |
| 23:20 | Research | Scale Mail Armor |
| 23:37 | Queue | Spearman |
| 23:38 | Queue | Spearman |
| 24:37 | Age | Castle Age |
| 24:38 | Queue | Villager (Male) ×5 |
| 24:42 | Build | Town Center |
| 24:47 | Research | Long Swordsman (upgrade) |
| 25:16 | Build | Barracks |
| 25:23 | Research | Pikeman (upgrade) |
| 25:57 | Queue | Villager (Male) ×5 |
| 26:04 | Build | Farm |
| 26:06 | Build | Farm |
| 26:13 | Research | Squires |
| 26:25 | Queue | Militia ×5 |
| 26:26 | Queue | Militia ×3 |
| 26:44 | Queue | Villager (Male) ×2 |
| 26:51 | Build | Farm |
| 26:52 | Build | Farm |
| 26:56 | Queue | Villager (Male) |
| 26:59 | Build | Farm |
| 27:04 | Build | Farm |
| 27:12 | Build | Farm |
| 27:38 | Research | Gold Mining |
| 27:47 | Queue | Militia ×5 |
| 28:05 | Build | Farm |
| 28:05 | Build | Farm |
| 28:05 | Build | Farm |
| 28:06 | Build | Farm |
| 28:06 | Build | Farm |
| 28:06 | Build | Farm |
| 28:26 | Research | Iron Casting |
| 28:30 | Queue | Militia ×3 |
| 28:37 | Build | House |
| 29:41 | Queue | Villager (Male) ×5 |
| 29:44 | Queue | Militia ×5 |
| 30:41 | Queue | Spearman ×5 |
| 31:07 | Research | Wheelbarrow |
| 31:08 | Queue | Villager (Male) ×3 |
| 32:09 | Queue | Militia ×5 |
| 32:09 | Queue | Militia ×5 |
| 32:10 | Queue | Militia ×2 |
| 32:22 | Build | House |
| 32:24 | Build | House |
| 32:25 | Build | House |
| 32:28 | Queue | Villager (Male) ×4 |
| 33:07 | Build | Farm |
| 33:11 | Queue | Villager (Male) ×5 |
Match timeline
| 7:01 | Juan Deagle · first_building Barracks |
| 10:11 | ChoRi-Wolo.gg · wall_segment Palisade Wall x9 |
| 10:39 | Juan Deagle · age_up feudal |
| 11:07 | ChoRi-Wolo.gg · age_up feudal |
| 12:58 | ChoRi-Wolo.gg · first_market_sell 100 stone |
| 13:06 | ChoRi-Wolo.gg · first_market_buy 100 stone |
| 13:48 | Juan Deagle · first_building Archery Range |
| 16:18 | ChoRi-Wolo.gg · age_up castle |
| 17:49 | ChoRi-Wolo.gg · first_building Castle |
| 21:42 | Juan Deagle · wall_segment Palisade Wall x1 |
| 24:37 | Juan Deagle · age_up castle |
| 40:51 | Juan Deagle · first_building Monastery |
| 43:15 | ChoRi-Wolo.gg · wall_segment Stone Wall x29 |
| 43:16 | Juan Deagle · first_building Siege Workshop |
| 44:16 | ChoRi-Wolo.gg · wall_segment Stone Wall x15 |
| 46:22 | ChoRi-Wolo.gg · first_building Dock |
| 46:46 | Juan Deagle · age_up imperial |
| 47:46 | Juan Deagle · first_building Castle |
| 47:52 | ChoRi-Wolo.gg · age_up imperial |
| 51:52 | ChoRi-Wolo.gg · resign |
[ AI ANALYSIS · 1 CREDIT ]
What really happened in this match?
Wolo.gg analyzes every decision: build order, eco, micro, common mistakes by bracket. Personalized analysis on WhatsApp or Discord in 30 seconds.
Civ guide
Magyars
Perfil
Jugador #3309795